 Dungeon Crawl Stone Soup version 0.15.0-34-g666c3a1 (webtiles) character file.

482 rostie the Covered (level 7, -1/44 HPs)
             Began as a Gargoyle Fighter on Sept 16, 2014.
             Slain by an ogre
             ... wielding a +0 giant spiked club
              (13 damage)
             ... on Level 5 of the Dungeon.
             The game lasted 00:05:57 (3297 turns).

rostie the Covered (Gargoyle Fighter)               Turns: 3297, Time: 00:05:58

HP  -1/44        AC 12     Str 21      XL: 7   Next: 12%
MP   7/7         EV  6     Int  9      God:
Gold 197         SH  9     Dex  9      Spells:  0 memorised,  6 levels left

rFire  . . .     SeeInvis .     a - +0 war axe
rCold  . . .     Clarity  .     b - +0 scale mail
rNeg   + . .     rCorr    .     c - +0 shield
rPois  +         rRot     +     (no helmet)
rElec  +         Spirit   .     (no cloak)
SustAb +         Warding  .     (no gloves)
rMut   .         Stasis   .     (no boots)
Gourm  .                        (no amulet)
MR     .....                    (no ring)
                                o - ring of sustain abilities

@: starving, not resistant to hostile enchantments, extremely unstealthy
A: negative energy resistance 1, electricity resistance, unbreathing,
petrification resistance, rot immunity, AC +4
a: no special abilities


You were on level 5 of the Dungeon.
You were starving.

You visited 1 branch of the dungeon, and saw 5 of its levels.

You collected 197 gold pieces.

Inventory:

Hand weapons
 a - a +0 war axe (weapon)
Armour
 b - a +0 scale mail (worn)
 c - a +0 shield (worn)
Comestibles
 d - 4 bread rations
 j - a meat ration
 t - 2 royal jellies
Scrolls
 f - a scroll of remove curse
 s - a scroll of teleportation
Jewellery
 m - an uncursed amulet of rage
 o - a ring of sustain abilities (left hand)
Potions
 g - a potion of lignification
 h - 2 potions of cure mutation
 i - a potion of confusion
 k - a potion of poison
 l - 2 potions of mutation
 n - a potion of restore abilities {unknown}
 p - a potion of invisibility {unknown}
 q - 2 potions of curing
 r - a potion of cancellation {unknown}


   Skills:
 + Level 5.2 Fighting
 + Level 4.3 Axes
 + Level 5.7 Armour
 - Level 3.2 Shields


You had 6 spell levels left.
You didn't know any spells.

Dungeon Overview and Level Annotations

Branches:
Dungeon (5/15)
 Temple: D:4-7

Altars:
Ashenzari
Kikubaaqudgha
Xom


Innate Abilities, Weirdness & Mutations

You are resistant to torment.
You are immune to poison.
Your stone body is very resilient (AC +4).
You resist negative energy.
You are resistant to electric shocks.
You can survive without breathing.
You are immune to petrification.
You are immune to rotting.


Message History

* * * LOW HITPOINT WARNING * * *
The quokka bites you but does no damage.
The quokka bites you but does no damage.
There is a dry fountain here.
The quokka barely misses you.
You see here an adder corpse.
There is a stone staircase leading up here.
A quokka comes into view.
You block the quokka's attack. The quokka bites you.
* * * LOW HITPOINT WARNING * * *
You are starving!
You see here 8 gold pieces.
Read which item? (? for menu, Esc to quit)
Okay, then.
Drink which item? (? for menu, Esc to quit)
You feel better.
It was a potion of curing.
The quokka bites you but does no damage.
You block the quokka's attack.
The ogre hits you with a giant spiked club!
You die...

###.###.####
#.........).
##.#......... #
##.........###
#.#<..%⌠..≈%...#
#.#..#....≈≈≈≈.#
#..$.##..≈≈≈≈..#
###rO##..≈≈≈≈..#
#@.#..≈≈≈≈≈≈.#
##r#.≈....≈..
#.#._.....⌠
..#....##.
..##### .. .. ..
.


You could see an ogre and 2 quokkas.

Vanquished Creatures
  A sky beast (D:4)
  3 orc priests
  2 hounds (D:4)
  An orc wizard (D:4)
  An iguana (D:4)
  Ijyb (D:2)
  4 gnolls (D:2)
  4 adders
  A worm (D:3)
  3 giant geckos
  An ooze (D:2)
  8 orcs
  3 giant cockroaches
  18 goblins
  8 hobgoblins
  16 jackals
  2 quokkas
  9 bats
  A giant newt (D:1)
  8 kobolds
  7 rats
102 creatures vanquished.

Vanquished Creatures (others)
  A worker ant (D:4)
  A kobold (D:1)
  A rat (D:1)
3 creatures vanquished.

Grand Total: 105 creatures vanquished

Notes
Turn   | Place    | Note
--------------------------------------------------------------
     0 | D:1      | rostie, the Gargoyle Fighter, began the quest for the Orb.
     0 | D:1      | Reached XP level 1. HP: 14/14 MP: 1/1
   201 | D:1      | Reached XP level 2. HP: 16/19 MP: 2/2
   825 | D:2      | Found a shattered altar of Ashenzari.
   838 | D:2      | Reached skill level 4 in Armour
   838 | D:2      | Reached XP level 3. HP: 24/24 MP: 3/3
   924 | D:2      | Noticed Ijyb
   939 | D:2      | Killed Ijyb
   998 | D:2      | Reached XP level 4. HP: 26/29 MP: 4/4
  1838 | D:3      | Reached XP level 5. HP: 33/33 MP: 5/5
  2210 | D:3      | Reached skill level 5 in Armour
  2334 | D:4      | Reached XP level 6. HP: 19/39 MP: 6/6
  2456 | D:4      | Found a shimmering altar of Xom.
  2458 | D:4      | Noticed a sky beast
  2478 | D:4      | Killed a sky beast
  2540 | D:4      | Reached skill level 5 in Fighting
  2853 | D:4      | Reached XP level 7. HP: 36/44 MP: 7/7
  3272 | D:5      | Entered Level 5 of the Dungeon
  3280 | D:5      | Found an ancient bone altar of Kikubaaqudgha.
  3297 | D:5      | Slain by an ogre

Action                   |  1- 3 |  4- 6 |  7- 9 || total
-------------------------+-------+-------+-------++-------
Melee: War axe           |   128 |   202 |    44 ||   374
  Use: Scroll            |       |    10 |     2 ||    12
       Potion            |       |     1 |     1 ||     2
  Eat: Pizza             |       |     1 |       ||     1
       Meat ration       |       |     1 |       ||     1
